 Dungeon Crawl Stone Soup version 0.30-a0-4-ga7cffc901d (webtiles) character file.

Game seed: 598632994544403426

61 purpskrrrp the Trooper (level 3, -4/33 HPs)
             Began as a Draconian Fighter on Aug 21, 2022.
             Slain by Robin
             ... wielding a +0 mace
              (5 damage)
             ... on level 2 of the Dungeon.
             The game lasted 00:04:15 (1715 turns).

purpskrrrp the Trooper (Draconian Fighter)          Turns: 1715, Time: 00:04:17

Health: -4/33      AC:  5    Str: 24    XL:     3   Next: 83%
Magic:  3/3        EV:  8    Int:  7    God:
Gold:   75         SH: 12    Dex:  9    Spells: 2/2 levels left

rFire   . . .      SeeInvis .    a - +0 long sword
rCold   . . .      Faith    .    j - +1 tower shield
rNeg    . . .      Spirit   .    (body armour unavailable)
rPois   +          Reflect  .    (helmet restricted)
rElec   .          Harm     .    (no cloak)
rCorr   .          Rampage  .    (no gloves)
Will    .....                    (no boots)
Stlth   +.........               (no amulet)
HPRegen 0.11/turn                e - ring of poison resistance
MPRegen 0.08/turn                (no ring)

@: unable to read
A: AC +5, unfitting armour, cold-blooded, talons 1, strong 1, inability to read
after injury 1
a: no special abilities


You were on level 2 of the Dungeon.
You visited 1 branch of the dungeon, and saw 2 of its levels.

You collected 75 gold pieces.

Inventory:

Hand Weapons
 a - a +0 long sword (weapon)
Armour
 b - a +0 buckler
 j - a +1 tower shield (worn)
Jewellery
 e - a ring of poison resistance (left hand)
 g - a ring of protection from cold
Scrolls
 d - 2 scrolls of amnesia
 i - a scroll of blinking
 l - a scroll of identify
Potions
 c - a potion of might
 f - a potion of flight {unknown}
 h - a potion of mutation
 k - a potion of magic {unknown}


   Skills:
 + Level 3.7 Fighting
 * Level 3.1 Long Blades
 - Level 2.9 Dodging
 * Level 3.5 Shields


You had 2 spell levels left.
You didn't know any spells.
Your spell library contained the following spells:

 Spells                   Type           Power      Damage    Failure   Level
 Blink                    Tloc           0%         N/A       100%        2
 Gell's Gravitas          Tloc           0%         N/A       100%        3
 Lesser Beckoning         Tloc           0%         N/A       100%        3
 Teleport Other           Tloc           0%         N/A       100%        3
 Manifold Assault         Tloc           0%         N/A       100%        5
 Storm Form               Tmut/Air       0%         N/A       100%        7


Dungeon Overview and Level Annotations

Branches:
Dungeon (2/15)

Altars:

Annotations:
D:2 Robin


Innate Abilities, Weirdness & Mutations

Your plain brown scales are hard. (AC +5)
You cannot fit into any form of body armour.
You are cold-blooded and may be slowed by cold attacks.
You have sharp toenails.
Your muscles are strong. (Str +4, Int/Dex -1)
You occasionally lose the ability to read scrolls when taking damage.


Message History

You barely miss the goblin. Your kick misses the goblin.
The goblin hits you but does no damage. The goblin hits you with a +0 dagger.
You feel threatened and lose the ability to read scrolls!
You block the goblin's attack. x2; The goblin hits you but does no damage.
The goblin closely misses you.
You hit the goblin.
You kill the goblin!
You block the goblin's attack. The goblin hits you with a +0 dagger.
You block the hobgoblin's attack.
Robin flexes a bicep menacingly.
The goblin hits you but does no damage. The goblin closely misses you.
You slash the hobgoblin!
You kill the hobgoblin!
The goblin no longer looks unusually strong.
You block the goblin's attack. x2
You slash Robin!
Robin is heavily wounded.
You can read scrolls again.
The goblin hits you but does no damage. You block Robin's attack.
The goblin hits you but does no damage. The goblin barely misses you. x2
Robin hits you but does no damage.
You hit Robin but do no damage. You claw Robin.
Robin is heavily wounded.
The goblin no longer looks unusually strong.
You block the goblin's attack. You block Robin's attack.
You block the goblin's attack. The goblin hits you with a +0 dagger.
Robin hits you with a +0 mace.
You feel threatened and lose the ability to read scrolls!
* * * LOW HITPOINT WARNING * * *
The goblin hits you with a +0 club.
* * * LOW HITPOINT WARNING * * *
Okay, then.
You cannot read scrolls in your current state!
You completely miss Robin. You claw Robin!
You tail-slap Robin, but do no damage.
Robin is severely wounded.
The goblin hits you with a +0 dagger.
* * * LOW HITPOINT WARNING * * *
Robin hits you with a +0 mace.
You die...

...........#
...............#
.................#
.................
................. .
................. ...
#.#..............
.....####.##.............
......†g@g##.##..........
...######g...###.........
##.##....#........
##.....##.##.......
##......##........#.
#.......###...#.....
#.......#....###....
#......)#........##.
##................#..


You could see Robin and 2 goblins.

Vanquished Creatures
  Jessica (D:2)
  A dart slug (D:1)
  3 endoplasms (D:1)
  2 giant cockroaches (D:1)
  6 goblins
  8 hobgoblins
  A quokka (D:1)
  2 ball pythons
  A bat (D:1)
  A frilled lizard (D:1)
  A kobold (D:1)
  3 rats (D:1)
30 creatures vanquished.

Notes
Turn   | Place    | Note
-------+----------+-------------------------------------------
     0 | D:1      | purpskrrrp the Draconian Fighter began the quest for the
                  | Orb.
     0 | D:1      | Reached XP level 1. HP: 19/19 MP: 1/1
   347 | D:1      | Reached XP level 2. HP: 8/26 MP: 2/2
   762 | D:1      | Found a faded altar of an unknown god.
  1497 | D:2      | Noticed Jessica
  1511 | D:2      | Gained mutation: You occasionally lose the ability to read
                  | scrolls when taking damage. [potion of mutation]
  1511 | D:2      | Gained mutation: Your muscles are strong. (Str +4, Int/Dex
                  | -1) [potion of mutation]
  1511 | D:2      | Gained mutation: You have sharp toenails. [potion of
                  | mutation]
  1525 | D:2      | Killed Jessica
  1526 | D:2      | Reached XP level 3. HP: 21/33 MP: 3/3
  1695 | D:2      | Noticed Robin
  1715 | D:2      | HP: 1/33 [goblin/+0 dagger[Robin] (2)]
  1715 | D:2      | Slain by Robin

Illustrated notes

Levels and vault maps discovered:
D:1:      heliophobic_arrival_glass_houses, layout_basic,
          hellmonk_ecumenical_altar_lost_god, minmay_heptomino_o4
D:2:      layout_rooms, uniq_jessica, uniq_robin

Skill      XL: |  1  2  3 |
---------------+----------+-----
Long Blades    | 3 |  3.1
Fighting       | |  3.7
Dodging        | |  2.9
Shields        | |  3.5

Action                   || total
-------------------------++-------
Melee: Long sword        ||    78
       Tailslap          ||     8
       Kick              ||     6
  Use: Scroll            ||     6
       Potion            ||     3
Armor: Skin              ||    35
Dodge: Dodged            ||    51
Block: Buckler           ||     1
       Tower shield      ||    65

Table legend: (Time is in decaauts)
 A = Elapsed time spent in this place.
 B = Non-inter-level travel time spent in this place.
 C = Inter-level travel time spent in this place.
 D = Time resting spent in this place.
 E = Time spent auto-exploring this place.
 F = Levels seen in this place.
 G = Mean time per level.
                   A        B        C        D        E       F      G
               +--------+--------+--------+--------+--------+-----+--------+
         Total |   1768 |   1751 |     17 |      0 |   1496 |   2 |  884.0 |
       Dungeon |   1768 |   1751 |     17 |      0 |   1496 |   2 |  884.0 |
               +--------+--------+--------+--------+--------+-----+--------+

Top non-repeatable levels by time:
     D:1: 1473 daAuts
     D:2: 294 daAuts
